 Dungeon Crawl Stone Soup version 0.18-a0-750-g37044d6 (webtiles) character file.

87004 JokEr the Bludgeoner (level 15, 0/147 HPs)
             Began as a Red Draconian Berserker on Dec 12, 2015.
             Was the Champion of Trog.
             Slain by a wolf spider (25 damage)
             ... on level 1 of the Spider Nest on Dec 13, 2015.
             The game lasted 01:42:32 (32694 turns).

JokEr the Bludgeoner (Red Draconian Berserker)     Turns: 32694, Time: 01:42:38

Health: 0/147      AC: -20   Str: 25    XL:     15   Next: 42%
Magic:  15/15      EV: 20    Int:  9    God:    Trog [******]
Gold:   1922       SH:  0    Dex: 17    Spells: 0 memorised, 14 levels left

rFire  + + .     SeeInvis +     a - +11 great mace "Defrog" {venom, rPois Str-3 Dex+6}
rCold  + + .     Clarity  .     (armour unavailable)
rNeg   . . .     SustAt   .     (shield currently unavailable)
rPois  +         Gourm    .     (helmet restricted)
rElec  +         Spirit   .     (no cloak)
rCorr  +         Dismiss  .     h - +0 pair of gloves
rMut   .         Stasis   .     y - +1 pair of boots
MR     +....                    (no amulet)
Stlth  +.........               w - +4 ring of strength
                                W - ring "Seot" {rC+ SInv}

@: confused, resistant, corroded equipment, somewhat resistant to hostile
enchantments, very unstealthy
A: breathe fire, unfitting armour, beak, fire resistance 1, cold-blooded, AC +9
a: Breathe Fire, Berserk, Trog's Hand, Brothers in Arms, Burn Spellbooks,
Renounce Religion


You were on level 1 of the Spider Nest.
You worshipped Trog.
Trog was exalted by your worship.
You were not hungry.

You visited 4 branches of the dungeon, and saw 25 of its levels.
You also visited: Ice Cave.

You collected 2679 gold pieces.
You spent 757 gold pieces at shops.

Inventory:

Hand Weapons
 a - the +11 great mace "Defrog" (weapon) {venom, rPois Str-3 Dex+6}
   (Trog gifted it to you on level 4 of the Lair of Beasts)

   It poisons the flesh of those it strikes.
   It affects your strength (-3).
   It affects your dexterity (+6).
   It protects you from poison.
 e - a +7 executioner's axe of freezing
Missiles
 J - 6 curare-tipped needles (quivered)
Armour
 h - a +0 pair of gloves (worn)
 y - a +1 pair of boots (worn)
Jewellery
 w - a +4 ring of strength (right hand)
 Q - a +2 ring of protection
 W - the ring "Seot" (left hand) {rC+ SInv}
   (You found it in an ice cave)

   [ring of see invisible]

   It protects you from cold.
   It lets you see invisible.
Wands
 k - a wand of digging (13)
 r - a wand of cold (8)
 s - a wand of fire (6)
 u - a wand of hasting (6)
 v - a wand of fireball (10)
 A - a wand of disintegration (17)
 C - a wand of digging (13)
 D - a wand of flame (27)
 K - a wand of lightning (8)
 L - a wand of frost (29)
 O - a wand of slowing (28)
 P - a wand of heal wounds (0)
Scrolls
 g - 6 scrolls of teleportation
 n - 7 scrolls of remove curse
 p - 3 scrolls of recharging
 B - a scroll of blinking
 F - 2 scrolls of fear
 I - 2 scrolls of magic mapping
 M - a scroll of enchant weapon
Potions
 c - a potion of ambrosia {unknown}
 f - 3 potions of resistance
 i - 2 potions of brilliance
 j - a potion of magic {unknown}
 l - 4 potions of haste
 o - 3 potions of berserk rage
 q - 2 potions of flight
 x - a potion of cure mutation {unknown}
 z - 5 potions of agility
 T - a potion of might
Comestibles
 b - 3 meat rations
 d - a chunk of flesh
 m - 8 bread rations
 t - 2 slices of pizza
 G - 4 royal jellies
 H - 6 beef jerkies
 U - 4 fruits


   Skills:
 + Level 17.1 Fighting
 - Level 3.7(12.4) Axes
 + Level 17.6(17.7) Maces & Flails
 - Level 11.2 Dodging
 - Level 4.6 Stealth


You had 14 spell levels left.
You didn't know any spells.

Dungeon Overview and Level Annotations

Branches:
Dungeon (12/15)            Temple (0/1) D:4            Lair (8/8) D:9
  Swamp (0/4) Lair:4       Spider (1/4) Lair:5        Slime (0/6) Lair:6
    Orc (4/4) D:12            Elf (0/3) Orc:3

Altars:
Ashenzari
Cheibriados
Elyvilon
Okawaru
Qazlal
Ru
Sif Muna
Xom
Zin
The Shining One
Beogh
Jiyva

Shops:
D:5 =   D:7 [   D:9 *   Orc:3 *   Orc:4 (=[*[

Annotations:
D:7 Prince Ribbit


Innate Abilities, Weirdness & Mutations

You can breathe blasts of fire.
Your fiery red scales are hard (AC +9).
Your body does not fit into most forms of armour.
Your flesh is heat resistant.
You are cold-blooded and may be slowed by cold attacks.
You have a beak for a mouth.


Message History

The wolf spider hits you!
* * * LOW HITPOINT WARNING * * *
The wolf spider completely misses you.
Drink which item? (? for menu, Esc to quit)
You feel protected. The tarantella bites you!
* * * LOW HITPOINT WARNING * * *
The entropy weaver struggles to get unstuck from the web.
The wolf spider misses you. The wolf spider barely misses you.
The tarantella misses you.
Zapping:
P - a wand of heal wounds {zapped: 8} (will waste charges)
Press: ? - help, Shift-Dir - straight line, f - you Nothing appears to happen.
The wolf spider misses you. The wolf spider bites you.
* * * LOW HITPOINT WARNING * * *
The tarantella misses you.
The entropy weaver gestures wildly while chanting.
The entropic weave corrodes you!
The entropy weaver tears the web.
The wolf spider hits you!!
You die...

.....#......................# ##
............................#####
...............................##
................................#
.............>.................^#
............................##...
.............................##..
...............ss.............###
...........^p...@................
....^...>....#....#..............
.#......#...............<....#...
##..............................
#..............................
#..........................#...
#............$.................
............^..................
##.....s...%. ..........^....


You could see an entropy weaver, a wolf spider and a tarantella.

Vanquished Creatures
  Gastronok (Orc:1)
  Maud (Orc:4)
  An orc warlord (Orc:4)
  A frost giant (IceCv)
  Snorg (D:10)
  Erolcha (D:9)
  Fannar (Orc:2)
  An ice dragon (Lair:6)
  Harold (Lair:2)
  The ghost of crawlian the Geomancer, a journeyman DEEE of Sif Muna (IceCv)
  2 hydras
  5 death yaks
  Urug (D:12)
  4 orc high priests (Orc:4)
  4 skeletal warriors (D:12)
  5 hill giants
  A cyclops (D:12)
  An orb spider (Spider:1)
  Pikel (D:4)
  4 orc knights
  The ghost of Crishpax the Thaumaturge, a novice DEWz of Vehumet (D:8)
  4 wolf spiders
  A moth of wrath (Spider:1)
  3 orc sorcerers (Orc:4)
  The ghost of Mashchax the Spear-Bearer, a novice MfGl of Okawaru (D:5)
  4 griffons
  An ugly thing (D:11)
  3 black mambas
  Maurice (D:12)
  13 elephants
  A manticore (D:9)
  9 komodo dragons
  11 spiny frogs
  16 polar bears
  Grinder (D:4)
  5 jumping spiders
  4 trolls
  A two-headed ogre (D:9)
  5 blink frogs
  2 boulder beetles
  A shadow (D:11)
  2 wyverns
  3 redbacks
  A deep elf mage (D:9)
  4 hippogriffs
  Eustachio (D:4)
  A basilisk (Lair:4)
  109 yaks
  A steam dragon (Lair:4)
  4 vampire mosquitoes (Lair:4)
  3 hungry ghosts
  Menkaure (D:7)
  17 water moccasins
  26 wolves
  8 porcupines
  4 wargs
  2 black bears
  6 ice beasts
  A necrophage (D:9)
  A sky beast (D:10)
  32 orc warriors
  15 ogres
  2 phantoms
  17 crocodiles
  2 wasps (D:8)
  2 big kobolds
  12 centaurs
  16 giant frogs
  A gnoll sergeant (D:9)
  2 scorpions
  A wyvern skeleton (D:3)
  7 jellies
  3 electric eels
  6 crimson imps
  A giant frog zombie (D:10)
  Crazy Yiuf (D:3)
  22 orc priests
  4 hounds
  A gnoll shaman (D:5)
  11 iguanas
  3 centaur skeletons
  Natasha (thrice) (D:4)
  16 sheep
  2 killer bee zombies
  10 worker ants
  39 orc wizards
  A hound skeleton (D:10)
  Robin (D:4)
  A killer bee simulacrum (D:9)
  19 gnolls
  A worker ant zombie (D:5)
  9 adders
  43 river rats
  2 shadow imps
  An ooze (D:1)
  2 adder skeletons
  4 worms
  3 giant geckos
  165 orcs
  7 giant cockroaches
  13 goblins
  14 hobgoblins
  14 jackals
  5 quokkas
  2 ball pythons (D:3)
  5 bats
  A giant gecko zombie (D:5)
  4 giant newts
  A jackal zombie (D:3)
  21 kobolds
  13 rats
904 creatures vanquished.

Vanquished Creatures (others)
  6 goblins (D:4)
  7 fungi
  10 plants
23 creatures vanquished.

Grand Total: 927 creatures vanquished

Notes
Turn   | Place    | Note
--------------------------------------------------------------
     0 | D:1      | JokEr the Draconian Berserker began the quest for the Orb.
     0 | D:1      | Reached XP level 1. HP: 19/19 MP: 1/1
   246 | D:1      | Reached XP level 2. HP: 24/27 MP: 2/2
   479 | D:1      | Reached skill level 4 in Fighting
   778 | D:1      | Reached XP level 3. HP: 22/33 MP: 3/3
  1125 | D:2      | Reached ** piety under Trog
  2120 | D:2      | Reached skill level 1 in Maces & Flails
  2252 | D:3      | Reached XP level 4. HP: 41/41 MP: 4/4
  2303 | D:3      | HP: 1/41 [wyvern skeleton (15)]
  2307 | D:3      | Reached skill level 5 in Fighting
  2307 | D:3      | Reached XP level 5. HP: 22/48 MP: 5/5
  2673 | D:3      | Found a glowing golden altar of the Shining One.
  2774 | D:3      | Reached *** piety under Trog
  2919 | D:3      | Noticed Crazy Yiuf
  2928 | D:3      | Killed Crazy Yiuf
  2945 | D:3      | HP: 2/48 [poisoned by Crazy Yiuf]
  2950 | D:3      | HP: 2/48 [poisoned by Crazy Yiuf]
  3441 | D:4      | Found a stormy altar of Qazlal.
  3652 | D:4      | Noticed Natasha
  3665 | D:4      | Killed Natasha
  3665 | D:4      | Reached XP level 6. HP: 45/57 MP: 6/6
  3754 | D:4      | Reached skill level 6 in Fighting
  3885 | D:4      | Noticed Natasha
  3892 | D:4      | Killed Natasha
  3990 | D:4      | Noticed Pikel
  4001 | D:4      | Killed Pikel
  4001 | D:4      | Reached skill level 7 in Fighting
  4001 | D:4      | Reached skill level 5 in Maces & Flails
  4001 | D:4      | Your scales start taking on a fiery red colour.
  4001 | D:4      | Gained mutation: Your flesh is heat resistant. [Red Draconian growth]
  4001 | D:4      | Reached XP level 7. HP: 57/66 MP: 7/7
  4234 | D:4      | Found a staircase to the Ecumenical Temple.
  4239 | D:4      | Noticed Grinder
  4245 | D:4      | Noticed Robin
  4249 | D:4      | Paralysed by Grinder for 3 turns
  4252 | D:4      | Reached **** piety under Trog
  4258 | D:4      | Killed Robin
  4259 | D:4      | Paralysed by Grinder for 7 turns
  4273 | D:4      | Killed Grinder
  4273 | D:4      | Reached XP level 8. HP: 29/74 MP: 8/8
  4685 | D:4      | Noticed Natasha
  4689 | D:4      | Killed Natasha
  4695 | D:4      | Found a deep blue altar of Sif Muna.
  4712 | D:4      | Noticed Eustachio
  4733 | D:4      | Killed Eustachio
  4733 | D:4      | Reached skill level 8 in Fighting
  4975 | D:4      | Gained mutation: You have a beak for a mouth. [potion of beneficial mutation]
  4979 | D:5      | Entered Level 5 of the Dungeon
  5039 | D:5      | Found a sacrificial altar of Ru.
  5209 | D:5      | Found Gutiun's Jewellery Boutique.
  5284 | D:5      | Bought a +4 ring of strength for 270 gold pieces
  5605 | D:5      | Reached skill level 9 in Fighting
  5692 | D:5      | Noticed Mashchax's ghost (novice MfGl)
  5710 | D:5      | Killed Mashchax's ghost
  5710 | D:5      | Reached XP level 9. HP: 44/85 MP: 9/9
  6699 | D:6      | Reached ***** piety under Trog
  6699 | D:6      | Reached skill level 10 in Fighting
  7404 | D:6      | Found a glowing silver altar of Zin.
  7404 | D:6      | Noticed an angel
  7409 | D:6      | Found a shimmering altar of Xom.
  7431 | D:6      | Found a white marble altar of Elyvilon.
  7540 | D:6      | Found a snail-covered altar of Cheibriados.
  7609 | D:6      | Received a gift from Trog
  8155 | D:7      | Found a shattered altar of Ashenzari.
  8611 | D:7      | Noticed Menkaure
  8619 | D:7      | Killed Menkaure
  8619 | D:7      | Reached skill level 11 in Fighting
  8911 | D:7      | Noticed Prince Ribbit
  8965 | D:7      | Found Jefet's Antique Armour Shoppe.
  9466 | D:8      | Reached skill level 10 in Maces & Flails
  9466 | D:8      | Reached XP level 10. HP: 87/96 MP: 10/10
  9987 | D:8      | Found an iron altar of Okawaru.
 10108 | D:8      | Noticed Crishpax's ghost (novice DEWz)
 10118 | D:8      | Killed Crishpax's ghost
 10157 | D:8      | Reached skill level 12 in Fighting
 10340 | D:9      | Found a staircase to the Lair.
 10518 | D:8      | Received a gift from Trog
 11095 | D:9      | Noticed Erolcha
 11113 | D:9      | Killed Erolcha
 11113 | D:9      | Reached skill level 13 in Fighting
 11113 | D:9      | Reached XP level 11. HP: 86/107 MP: 11/11
 11270 | D:9      | Reached ****** piety under Trog
 11930 | D:9      | Found Foumauhivy's General Store.
 12225 | D:10     | Entered Level 10 of the Dungeon
 12230 | D:10     | Noticed a hill giant
 12240 | D:10     | Killed a hill giant
 12355 | D:10     | Reached skill level 14 in Fighting
 12461 | D:10     | Noticed a hill giant
 12482 | D:10     | Killed a hill giant
 12589 | D:10     | Noticed Snorg
 12699 | D:10     | Killed Snorg
 12920 | D:10     | Noticed a hill giant
 12928 | D:10     | Killed a hill giant
 12932 | D:10     | Received a gift from Trog
 13363 | Lair:1   | Entered Level 1 of the Lair of Beasts
 13380 | Lair:1   | Found a sacrificial altar of Ru.
 13400 | Lair:1   | Reached XP level 12. HP: 110/118 MP: 12/12
 13632 | Lair:1   | Reached skill level 15 in Fighting
 15121 | Lair:2   | Noticed Harold
 15132 | Lair:2   | Killed Harold
 15308 | Lair:2   | Received a gift from Trog
 17475 | Lair:4   | Reached skill level 5 in Dodging
 17541 | Lair:4   | Found a staircase to the Swamp.
 18221 | Lair:4   | Received a gift from Trog
 18227 | Lair:4   | Reached XP level 13. HP: 125/128 MP: 13/13
 18230 | Lair:4   | Got a brightly glowing great mace {god gift}
 18231 | Lair:4   | Identified the +11 great mace "Defrog" {venom, rPois Str-3 Dex+6} (Trog gifted it to you on level 4 of the Lair of Beasts)
 18797 | Lair:5   | Got a shimmering broad axe
 18860 | Lair:5   | Reached skill level 15 in Maces & Flails
 19048 | Lair:5   | Identified the cursed +1 broad axe of Mecely {vamp, rF+} (You found it on level 5 of the Lair of Beasts)
 19401 | Lair:5   | Found a hole to the Spider Nest.
 20021 | Lair:5   | Received a gift from Trog
 20478 | Lair:6   | Found a viscous altar of Jiyva.
 20478 | Lair:6   | Found a staircase to the Slime Pits.
 20681 | Lair:6   | Found a frozen archway.
 20813 | IceCv    | Entered an ice cave
 20911 | IceCv    | Got a pitted granite ring
 20912 | IceCv    | Noticed crawlian's ghost (journeyman DEEE)
 20921 | IceCv    | Killed crawlian's ghost
 21436 | IceCv    | Reached skill level 16 in Maces & Flails
 21501 | IceCv    | Noticed a frost giant
 21511 | IceCv    | Received a gift from Trog
 21528 | IceCv    | Killed a frost giant
 22246 | Lair:6   | Reached XP level 14. HP: 109/136 MP: 14/14
 22895 | Lair:6   | Identified a scroll of acquirement
 22902 | Lair:6   | Identified the ring "Seot" {rC+ SInv} (You found it in an ice cave)
 24663 | Lair:8   | Entered Level 8 of the Lair of Beasts
 24996 | Lair:8   | Reached skill level 17 in Maces & Flails
 25493 | Lair:8   | Received a gift from Trog
 26618 | D:11     | Reached skill level 1 in Stealth
 26920 | D:12     | Found a flagged portal.
 27466 | D:12     | Noticed Maurice
 27474 | D:12     | Killed Maurice
 27824 | D:12     | Found a staircase to the Orcish Mines.
 27831 | Orc:1    | Entered Level 1 of the Orcish Mines
 27860 | Orc:1    | Noticed Urug
 27870 | Orc:1    | Noticed Gastronok
 27883 | D:12     | Killed Urug
 28065 | Orc:1    | Killed Gastronok
 28065 | Orc:1    | Received a gift from Trog
 28069 | Orc:1    | Got a transparent dire flail {god gift}
 28070 | Orc:1    | Identified the +4 dire flail of Huonlait {flame, rElec Str+2 Dex+2} (Trog gifted it to you on level 1 of the Orcish Mines)
 28580 | Orc:2    | Noticed Fannar
 28605 | Orc:2    | Killed Fannar
 28969 | Orc:3    | Found a staircase to the Elven Halls.
 28974 | Orc:3    | Reached XP level 15. HP: 146/146 MP: 15/15
 28996 | Orc:3    | Found Xuptuane's Assorted Antiques.
 29014 | Orc:3    | Bought a potion of might for 124 gold pieces
 29099 | Orc:3    | Received a gift from Trog
 29460 | Orc:3    | Found a roughly hewn altar of Beogh.
 29748 | Orc:4    | Entered Level 4 of the Orcish Mines
 29829 | Orc:4    | Noticed Maud
 29838 | Orc:4    | Killed Maud
 29969 | Orc:4    | Found Voutwir's Antique Armour Shoppe.
 30108 | Orc:4    | Reached skill level 10 in Dodging
 30342 | Orc:4    | Received a gift from Trog
 31873 | Orc:4    | Received a gift from Trog
 31942 | Orc:4    | Found Woxuig's General Store.
 31943 | Orc:4    | Found Wetil's Jewellery Boutique.
 31944 | Orc:4    | Found Eheitz's Antique Armour Boutique.
 31944 | Orc:4    | Found Obliveso's Antique Weapon Shop.
 31949 | Orc:4    | Bought a steaming mace for 216 gold pieces
 31958 | Orc:4    | Bought a scroll of blinking for 105 gold pieces
 31958 | Orc:4    | Bought a scroll of teleportation for 42 gold pieces
 32028 | Orc:4    | Identified the cursed +0 mace of Wiuxtumy {elec, rPois Int+3 Dex-4} (You bought it in a shop on level 4 of the Orcish Mines)
 32376 | Spider:1 | Entered Level 1 of the Spider Nest
 32694 | Spider:1 | Slain by a wolf spider

Vault maps used:
D:1:      mainiacjoe_arrival_reflecting_pool
D:3:      nicolae_tso_swordbearing_angel, uniq_crazy_yiuf_cottage
D:4:      kennysheep_little_box, minmay_temple_entry_large_hall, first_bread,
          nicolae_qazlal_eye_of_the_storm, uniq_robin, uniq_natasha,
          uniq_grinder, uniq_eustachio, uniq_pikel
D:5:      nicolae_ru_sacrificial_ziggurat, serial_shops, nicolae_shop_stone,
          kennysheep_big_empty_room
D:6:      grunt_temple_overflow_order_and_chaos_1,
          nicolae_overflow_hidden_temple, serial_bayou, serial_bayou_pond_b,
          serial_bayou_shore_b, serial_bayou_lagoon_a, serial_bayou_pond_e,
          minivault_27, elyvilon_altar_5
D:7:      evilmike_ruin_ashenzari, serial_shops, kennysheep_mini_moat,
          uniq_prince_ribbit1, uniq_menkaure
D:8:      hangedman_pestilent_swarm, okawaru_altar_gauntlet_db
D:9:      minmay_cut_squares, erik_lair_orcish_takeover, serial_shops,
          shop_fountains, uniq_erolcha
D:10:     uniq_snorg
D:12:     orc_0_dummy, enter_bailey_3, uniq_maurice
Lair:1:   basic_altar
Lair:2:   uniq_harold
Lair:3:   nicolae_quartered_pool_medium, serial_bayou_crossing,
          infiniplex_staircase_pool_2
Lair:4:   minmay_swamp_entry_swarm
Lair:5:   spider_nest_entry_funnel_web, grunt_megastairs_4
Lair:6:   slime_altar_1, portal_ice_cave_entry_dragon
Lair:8:   due_jungle_book, st_stairs_11
Spider:1: nicolae_spider_mines_1
Orc:1:    uniq_gastronok, uniq_urug
Orc:2:    uniq_fannar
Orc:3:    nicolae_orc_accident_2, serial_shops, nicolae_shop_crystal,
          nicolae_orc_pool_cavern, nicolae_orc_bridge_out
Orc:4:    st_orc_congregation, serial_shops, shop, uniq_maud
IceCv:    ice_cave_caverns_03

Action                   |  1- 3 |  4- 6 |  7- 9 | 10-12 | 13-15 || total
-------------------------+-------+-------+-------+-------+-------++-------
Melee: Hand axe          |   104 |       |       |       |       ||   104
       Mace              |    32 |   131 |   237 |       |       ||   400
       Dire flail        |       |       |    77 |   621 |       ||   698
       Great mace        |       |       |       |       |  1039 ||  1039
Invok: Berserk           |       |     2 |     3 |     8 |     5 ||    18
 Abil: Breathe Fire      |       |       |     6 |    12 |     9 ||    27
Evoke: Wand              |       |       |       |       |     3 ||     3
  Use: Scroll            |     6 |     5 |     6 |    10 |    13 ||    40
       Potion            |       |     1 |     6 |     8 |     8 ||    23
 Stab: Sleeping          |       |       |     4 |    13 |     9 ||    26
       Distracted        |       |       |     1 |       |     3 ||     4
  Eat: Chunk             |     4 |     3 |     9 |    20 |    35 ||    71
       Bread ration      |       |     1 |     2 |       |       ||     3
       Meat ration       |       |       |     1 |     3 |     1 ||     5
       Fruit             |       |       |       |     3 |     7 ||    10
       Royal jelly       |       |       |       |     3 |     2 ||     5
       Beef jerky        |       |       |       |     1 |       ||     1
